 Dungeon Crawl Stone Soup version 0.25.0-41-g26779e291d (webtiles) character file.

Game seed: 17379437665146236781

461 Peloso the Shield-Bearer (level 7, -1/46 HPs)
             Began as a Halfling Fighter on July 10, 2020.
             Slain by Blork the orc
             ... wielding a +0 flail
              (5 damage)
             ... on level 4 of the Dungeon.
             The game lasted 00:05:32 (3100 turns).

Peloso the Shield-Bearer (Halfling Fighter)         Turns: 3100, Time: 00:05:32

Health: -1/46      AC: 15    Str: 19    XL:     7   Next: 28%
Magic:  7/7        EV: 10    Int:  6    God:
Gold:   160        SH: 10    Dex: 14    Spells: 6/6 levels left

rFire    . . .     SeeInvis .   a - +0 long sword
rCold    . . .     Gourm    .   c - +0 kite shield
rNeg     + . .     Faith    .   g - +0 pearl dragon scales
rPois    .         Spirit   .   (no helmet)
rElec    .         Reflect  .   o - +2 cloak {Stlth+}
rCorr    .         Harm     .   (no gloves)
MR       .....                  (no boots)
Stlth    ..........             (no amulet)
HPRegen  0.15/turn              (no ring)
MPRegen  0.10/turn              (no ring)

@: mighty
A: small, mutation resistance 1
a: no special abilities


You were on level 4 of the Dungeon.
You were hungry.

You visited 1 branch of the dungeon, and saw 4 of its levels.

You collected 160 gold pieces.

Inventory:

Hand Weapons
 a - a +0 long sword (weapon)
Armour
 b - a +0 scale mail
 c - a +0 kite shield (worn)
 g - +0 pearl dragon scales (worn)
 o - a +2 cloak of stealth (worn)
Scrolls
 e - 3 scrolls of identify {unknown}
 h - 3 scrolls of remove curse {unknown}
 k - 2 scrolls of amnesia {unknown}
 m - 2 scrolls of teleportation {unknown}
 n - a scroll of blinking {unknown}
Potions
 i - 6 potions of curing {unknown}
 j - a potion of invisibility {unknown}
 l - 2 potions of brilliance {unknown}
Comestibles
 f - 7 rations


   Skills:
 + Level 3.4 Fighting
 + Level 4.5 Long Blades
 + Level 4.9 Armour
 + Level 1.6 Dodging
 + Level 0.4 Stealth
 + Level 5.0 Shields


You had 6 spell levels left.
You didn't know any spells.
Your spell library was empty.

Dungeon Overview and Level Annotations

Branches:
Dungeon (4/15)
 Temple: D:4-7

Altars:
Gozag
Makhleb
Uskayaw
Yredelemnul

Annotations:
D:4 Blork the orc


Innate Abilities, Weirdness & Mutations

You are small and have problems with some larger weapons.
You are somewhat resistant to further mutation.


Message History

The ogre hits you with a +0 giant club.
You hit the ogre.
You kill the ogre!
Your Shields skill increases to level 5!
Something hits you.
You miss something. Something hits you but does no damage.
The orc wizard mumbles some strange words.
The orc wizard seems to speed up.
Something hits you but does no damage.
You slash something! Something hits you!
* * * LOW HITPOINT WARNING * * *
You barely miss something. Something hits you but does no damage.
The orc wizard gestures wildly while chanting.
The orc wizard blinks!
Something hits you.
* * * LOW HITPOINT WARNING * * *
You closely miss something.
You are feeling hungry.
Something hits you!
* * * LOW HITPOINT WARNING * * *
You slash something! Something hits you.
You die...

#.###.##..# #.........#
#.###.##.# #........#
#####.#### #.# ##.# #..#
#+## #@## ##...## #)###
##.....## #o#o##
##.......#
#.######ooo.####.........
.............ooo.........
..#####.#...####.†.......
#.##.## ##.......# #.####
##.....## #.# ##o..##


You could see an orc wizard (fast) and 2 orcs.

Vanquished Creatures
  An ogre (D:4)
  2 howler monkeys (D:4)
  An orc wizard (D:3)
  Crazy Yiuf (D:2)
  Jessica (D:2)
  Natasha (twice) (D:2)
  A worker ant (D:2)
  7 adders
  2 worms
  A dart slug (D:1)
  A leopard gecko (D:3)
  6 orcs (D:3)
  A ball python (D:2)
  4 giant cockroaches
  5 goblins
  7 hobgoblins
  6 jackals
  3 kobolds
  6 bats
  3 frilled lizards
  7 rats
68 creatures vanquished.

Notes
Turn   | Place    | Note
-------+----------+-------------------------------------------
     0 | D:1      | Peloso the Halfling Fighter began the quest for the Orb.
     0 | D:1      | Reached XP level 1. HP: 15/15 MP: 1/1
   173 | D:1      | Reached XP level 2. HP: 17/20 MP: 2/2
  1020 | D:2      | Found a faded altar of an unknown god.
  1020 | D:2      | Found a basalt altar of Yredelemnul.
  1025 | D:2      | Found a faded altar of an unknown god.
  1027 | D:2      | Found a burning altar of Makhleb.
  1029 | D:2      | Found a hide-covered altar of Uskayaw.
  1069 | D:2      | Reached XP level 3. HP: 25/26 MP: 3/3
  1086 | D:2      | Noticed Natasha
  1099 | D:2      | Killed Natasha
  1099 | D:2      | Reached skill level 4 in Shields
  1099 | D:2      | Reached XP level 4. HP: 24/31 MP: 4/4
  1176 | D:2      | Found a runed translucent door.
  1177 | D:2      | Noticed Crazy Yiuf
  1653 | D:2      | Noticed Jessica
  1657 | D:2      | Killed Jessica
  1657 | D:2      | Reached XP level 5. HP: 29/36 MP: 5/5
  1670 | D:2      | Reached skill level 1 in Dodging
  1676 | D:2      | Noticed Natasha
  1685 | D:2      | Killed Natasha
  2173 | D:2      | Killed Crazy Yiuf
  2173 | D:2      | Reached XP level 6. HP: 14/42 MP: 6/6
  2780 | D:3      | Found an opulent altar of Gozag.
  3075 | D:4      | Noticed Blork the orc
  3082 | D:4      | Noticed an ogre
  3090 | D:4      | Reached XP level 7. HP: 40/46 MP: 7/7
  3095 | D:4      | Reached skill level 5 in Shields
  3100 | D:4      | Slain by Blork the orc

Illustrated notes

Levels and vault maps discovered:
D:1:      dpeg_arrival_chambers_temple_mockup, layout_loops_ring,
          minmay_misc_feat_enclosed, minivault_26
D:2:      layout_basic, chequers_temple_overflow_minitemple, uniq_jessica,
          uniq_natasha, uniq_crazy_yiuf_cottage
D:3:      layout_rooms, nicolae_gozag_seed_capital, first_ration, minmay_unequal
D:4:      layout_loops_corners, uniq_blork_the_orc, uniq_duvessa

Skill      XL: |  1  2  3  4  5  6  7 |
---------------+----------------------+-----
Fighting       | 3 |  3.4
Shields        | 4 5 |  5.0
Armour         | 4 |  4.9
Long Blades    | 3 4 |  4.5
Dodging        | 1 |  1.6
Stealth        | |  0.4

Action                   |  1- 3 |  4- 6 |  7- 9 || total
-------------------------+-------+-------+-------++-------
Melee: Long sword        |    66 |   178 |    10 ||   254
  Use: Potion            |     2 |     1 |       ||     3
  Eat: Chunk             |     1 |     6 |       ||     7
Armor: Scale mail        |    20 |       |       ||    20
       Pearl dragon scal |    13 |   106 |     4 ||   123
Dodge: Dodged            |    27 |    73 |     1 ||   101
Block: Kite shield       |    47 |   122 |       ||   169
       Rpst.: Long sword |    11 |    22 |       ||    33
